 Dungeon Crawl Stone Soup version 0.19-a0-1051-gdb7e7f8 (webtiles) character file.

702 Jmtri7 the Cleaver (level 7, -1/67 HPs)
             Began as a Hill Orc Berserker on Aug 1, 2016.
             Was a Priest of Trog.
             Slain by a slave (3 damage)
             ... led by Pikel
             ... on level 6 of the Dungeon.
             The game lasted 00:13:34 (4625 turns).

Jmtri7 the Cleaver (Hill Orc Berserker)             Turns: 4625, Time: 00:13:36

Health: -1/67      AC:  8    Str: 22    XL:     7   Next: 66%
Magic:  7/7        EV: 11    Int:  7    God:    Trog [***...]
Gold:   167        SH:  0    Dex: 14    Spells: 0 memorised, 6 levels left

rFire  . . .     SeeInvis .     t - +1 war axe
rCold  . . .     Gourm    .     e - +0 ring mail
rNeg   . . .     Faith    .     (no shield)
rPois  .         Spirit   .     h - +1 helmet
rElec  .         Dismiss  .     (no cloak)
rCorr  .         Reflect  .     w - +0 pair of gloves
SustAt .         Harm     +     (no boots)
MR     .....                    p - amulet of harm
Stlth  +.........               (no ring)
                                g - +4 ring of dexterity

@: exhausted, very slightly contaminated, hasted and slowed, not resistant to
hostile enchantments, very unstealthy
A: no striking features
a: Berserk, Trog's Hand, Burn Spellbooks, Renounce Religion


You were on level 6 of the Dungeon.
You worshipped Trog.
Trog was most pleased with you.
You were very hungry.

You visited 1 branch of the dungeon, and saw 6 of its levels.

You collected 167 gold pieces.

Inventory:

Hand Weapons
 t - a +1 war axe (weapon)
Armour
 e - a +0 ring mail (worn)
 h - a +1 helmet (worn)
 w - a +0 pair of gloves (worn)
Jewellery
 g - a +4 ring of dexterity (left hand)
 p - an amulet of harm (around neck)
Wands
 s - a wand of polymorph (12/24)
Scrolls
 a - a scroll of teleportation
 l - 2 scrolls of recharging
 m - a scroll of identify
 o - a scroll of remove curse
 v - a scroll of blinking
Potions
 j - 5 potions of curing
 k - 2 potions of resistance
 n - 4 potions of flight
 q - a potion of invisibility
Comestibles
 b - 5 meat rations
 c - 4 bread rations
 i - a beef jerky
 u - 8 fruits


   Skills:
 + Level 7.8 Fighting
 + Level 8.6 Axes
 - Level 2.1 Armour
 - Level 1.5 Dodging


You had 6 spell levels left.
You didn't know any spells.

Dungeon Overview and Level Annotations

Branches:
Dungeon (6/15)
 Temple: D:4-7

Altars:
Elyvilon
Sif Muna
Trog
The Shining One

Shops:
D:5 ?[!:

Annotations:
D:6 Pikel


Message History

Pikel hits you with a whip of electrocution!
* * * LOW HITPOINT WARNING * * *
The slave hits you.
* * * LOW HITPOINT WARNING * * *
The slave hits you.
* * * LOW HITPOINT WARNING * * *
You are very lightly contaminated with residual magic.
You slash Pikel!
Pikel is severely wounded.
You barely miss the slave. You closely miss the slave.
Pikel hits you with a whip of electrocution.
* * * LOW HITPOINT WARNING * * *
The slave hits you but does no damage.
You closely miss Pikel.
Pikel is severely wounded.
You hit the slave. You closely miss the slave. You hit the slave.
Pikel barely misses you. The slave hits you.
* * * LOW HITPOINT WARNING * * *
The slave hits you.
You die...

#.#..# #.#..#
#.#..# #.#..#
...###.#<.#
.......†..#
##'###.?.# #
#p..8#p##..#
...#...#@p...#
#....#Kp..#...
#?#.#.'p####
#. ?#.##.# .
.# . #.. .# .
#.# #.# ..#


You could see Pikel and 4 slaves.

Vanquished Creatures
  A centaur (D:5)
  An ogre (D:4)
  A crimson imp (D:5)
  4 orc priests
  4 hounds (D:5)
  An iguana (D:4)
  2 orc wizards (D:4)
  A worker ant (D:5)
  A howler monkey skeleton (D:4)
  5 adders
  2 adder skeletons
  3 worms
  A dart slug (D:1)
  3 giant geckos
  13 orcs
  A ball python (D:1)
  5 bats
  5 giant cockroaches
  8 goblins
  7 hobgoblins
  8 quokkas
  5 giant newts
  8 kobolds
  A quokka skeleton (D:4)
  6 rats
97 creatures vanquished.

Vanquished Creatures (others)
  2 plants (D:3)
2 creatures vanquished.

Grand Total: 99 creatures vanquished

Notes
Turn   | Place    | Note
-------+----------+-------------------------------------------
     0 | D:1      | Jmtri7 the Hill Orc Berserker began the quest for the Orb.
     0 | D:1      | Reached XP level 1. HP: 19/19 MP: 1/1
   277 | D:1      | Reached XP level 2. HP: 22/27 MP: 2/2
   729 | D:1      | Reached XP level 3. HP: 33/33 MP: 3/3
   735 | D:1      | Reached ** piety under Trog
  1314 | D:2      | Reached skill level 5 in Axes
  1542 | D:2      | Found a bloodstained altar of Trog.
  1647 | D:2      | Reached XP level 4. HP: 15/41 MP: 4/4
  2139 | D:3      | Reached skill level 5 in Fighting
  2145 | D:3      | Reached skill level 6 in Axes
  2145 | D:3      | Reached XP level 5. HP: 7/48 MP: 5/5
  2474 | D:3      | Found a deep blue altar of Sif Muna.
  2650 | D:3      | Found a white marble altar of Elyvilon.
  2871 | D:3      | Found a glowing golden altar of the Shining One.
  3147 | D:4      | Reached *** piety under Trog
  3156 | D:4      | Reached XP level 6. HP: 55/57 MP: 6/6
  3199 | D:4      | Reached skill level 7 in Axes
  3953 | D:5      | Entered Level 5 of the Dungeon
  3962 | D:5      | Reached XP level 7. HP: 66/66 MP: 7/7
  4006 | D:5      | Found Ogis's Antique Armour Emporium.
  4015 | D:5      | Reached skill level 8 in Axes
  4075 | D:5      | Found Gudwetta's Magic Scroll Emporium.
  4256 | D:5      | Found Haocram's Distillery.
  4340 | D:5      | Found Wuocwyi's Book Boutique.
  4611 | D:6      | Noticed Pikel
  4624 | D:6      | HP: 3/67 [Pikel/whip of electrocution (6)]
  4625 | D:6      | Slain by a slave

Vault maps used:
D:1:      evilmike_arrival_run_for_it, hangedman_decor_riveting
D:2:      trog_three_pillars_becter
D:3:      wad_woods_stonehenge, tso_altar, gup_sewer_entry_bowl,
          grunt_decor_arrowhead, led_sif_pool
D:4:      first_bread, minivault_23
D:5:      serial_shops, shop, shop, shop, kennysheep_little_box
D:6:      minivault_1, kennysheep_small_circle, uniq_pikel, uniq_duvessa

Skill      XL: |  1  2  3  4  5  6  7 |
---------------+----------------------+-----
Fighting       | 4 5 6 7 |  7.8
Axes           | 5 6 7 8 |  8.6
Armour         | |  2.1
Dodging        | |  1.5

Action                   |  1- 3 |  4- 6 |  7- 9 || total
-------------------------+-------+-------+-------++-------
Melee: Hand axe          |   107 |   109 |       ||   216
       War axe           |       |    70 |    48 ||   118
Invok: Berserk           |       |     3 |     1 ||     4
       Burn Spellbooks   |       |     1 |       ||     1
  Use: Scroll            |     2 |    12 |     3 ||    17
       Potion            |       |       |     1 ||     1
  Eat: Chunk             |     2 |    11 |     2 ||    15
Armor: Leather armour    |    13 |       |       ||    13
       Animal skin       |     1 |       |       ||     1
       Ring mail         |    21 |    61 |    23 ||   105
Dodge: Dodged            |    54 |   105 |    27 ||   186
